 Dungeon Crawl Stone Soup version 0.22-a0-166-g5351223 (webtiles) character file.

373 Azzok the Fighter (level 6, -1/44 HPs)
             Began as a Gargoyle Fighter on Feb 13, 2018.
             Killed by divine providence
             ... invoked by an orc priest
              (8 damage)
             ... on level 3 of the Dungeon.
             The game lasted 00:03:28 (1996 turns).

Azzok the Fighter (Gargoyle Fighter)                Turns: 1996, Time: 00:03:29

Health: -1/44      AC: 13    Str: 22    XL:     6   Next: 71%
Magic:  0/6        EV:  9    Int:  8    God:
Gold:   153        SH:  0    Dex:  9    Spells: 5/5 levels left

rFire    . . .     SeeInvis .   g - +1 short sword (venom)
rCold    . . .     Gourm    .   (no shield)
rNeg     + . .     Faith    .   b - +0 scale mail
rPois    ∞         Spirit   +   (no helmet)
rElec    +         Reflect  .   q - scarf {Spirit}
rCorr    .         Harm     .   j - +1 pair of gloves
MR       .....                  (no boots)
Stlth    ..........             (no amulet)
HPRegen  0.14/turn              (no ring)
MPRegen  0.10/turn              (no ring)

@: no status effects
A: negative energy resistance 1, electricity resistance, unbreathing,
petrification resistance, rot immunity, AC +4
a: no special abilities


You were on level 3 of the Dungeon.
You were not hungry.

You visited 1 branch of the dungeon, and saw 3 of its levels.

You collected 153 gold pieces.

Inventory:

Hand Weapons
 a - a +0 long sword
 g - a +1 short sword of venom (weapon)
 p - a +1 short sword of holy wrath
Armour
 b - a +0 scale mail (worn)
 c - a +0 shield
 j - a +1 pair of gloves (worn)
 q - a scarf of spirit shield (worn)
Wands
 h - a wand of random effects (33)
Scrolls
 l - a scroll of blinking
 m - a scroll of fog
Potions
 d - a potion of might
 e - 2 potions of agility {unknown}
 i - a potion of lignification {unknown}
 n - 2 potions of resistance {unknown}
 o - a potion of curing {unknown}
Comestibles
 f - 5 rations
 r - 2 chunks of flesh


   Skills:
 + Level 8.0 Fighting
 - Level 1.7 Long Blades
 - Level 3.2 Armour
 - Level 3.2 Shields


You had 5 spell levels left.
You didn't know any spells.

Dungeon Overview and Level Annotations

Branches:
Dungeon (3/15)

Altars:
Gozag
The Shining One

Annotations:
D:3 Azzok's ghost, amateur GnEn


Innate Abilities, Weirdness & Mutations

You are resistant to torment.
Your stone body is resilient. (AC +4)
You are immune to poison.
You resist negative energy. (rN+)
You are resistant to electric shocks. (rElec)
You can survive without breathing.
You are immune to petrification.
You are immune to rotting.


Message History

You hear the rapid rusting of a very distant drain.
The orc hits you but does no damage. The orc priest hits you with a club.
* * * LOW HITPOINT WARNING * * *
You closely miss the orc priest.
The orc priest is moderately wounded.
The orc closely misses you.
The orc priest hits you but does no damage.
You hit the orc priest.
The orc priest is severely wounded.
The orc hits you from afar with a trident.
* * * LOW HITPOINT WARNING * * *
The orc priest closely misses you.
You hit the orc priest.
The orc priest is poisoned.
The orc priest is severely wounded.
The orc hits you from afar with a trident.
* * * LOW HITPOINT WARNING * * *
The orc priest invokes the aid of Beogh against you.
Beogh smites you!
* * * LOW MAGIC WARNING * * *
You die...

▒▒▒▒▒▒▒▒▒ ········▒
▒▒▒·····▒
··▒▒▒·······▒▒▒▒▒▒· ╬
··gggo··og········· ▒·
··▒▒▒···▒o▒·▒▒▒▒▒▒▒▒▒▒▒▒▒▒
▒·· ▒··)▒@▒§··[····)[·····
▒···
▒···▒)▒▒▒▒▒▒▒▒▒▒▒▒▒▒▒▒
·····▒▒▒▒·▒▒·▒
▒·····<†······
·········o▒▒·▒
▒·▒▒▒▒·▒▒▒▒▒▒▒
···J···o···▒·▒ ▒▒▒·▒
·······o·▒·▒·▒ ▒···▒
g·go··o?·▒·▒·▒ ▒·▒▒▒
············>· ▒·▒
o······▒▒▒▒··▒ ▒·▒


You could see an orc priest, an orc and a goblin.

Vanquished Creatures
  Sigmund (D:2)
  An orc priest (D:3)
  2 orc wizards (D:3)
  Ijyb (D:3)
  Robin (D:3)
  A gnoll (D:2)
  An adder (D:3)
  3 oozes
  8 orcs (D:3)
  3 giant cockroaches
  7 goblins
  7 hobgoblins
  3 jackals (D:1)
  7 kobolds
  6 bats
  5 frilled lizards
  3 rats (D:1)
60 creatures vanquished.

Vanquished Creatures (others)
  A goblin (D:3)
1 creature vanquished.

Grand Total: 61 creatures vanquished

Notes
Turn   | Place    | Note
-------+----------+-------------------------------------------
     0 | D:1      | Azzok the Gargoyle Fighter began the quest for the Orb.
     0 | D:1      | Reached XP level 1. HP: 14/14 MP: 1/1
   297 | D:1      | Reached XP level 2. HP: 20/20 MP: 2/2
   406 | D:1      | Reached skill level 4 in Fighting
   555 | D:1      | Reached XP level 3. HP: 22/24 MP: 3/3
   884 | D:2      | Found an opulent altar of Gozag.
   944 | D:2      | Found a glowing golden altar of the Shining One.
  1154 | D:2      | Noticed Sigmund
  1160 | D:2      | Killed Sigmund
  1160 | D:2      | Reached skill level 6 in Fighting
  1160 | D:2      | Reached XP level 4. HP: 14/32 MP: 2/4
  1160 | D:2      | Reached XP level 5. HP: 17/37 MP: 2/5
  1522 | D:3      | Noticed Azzok's ghost (amateur GnEn)
  1538 | D:2      | Reached skill level 7 in Fighting
  1832 | D:3      | Noticed Ijyb
  1850 | D:3      | Killed Ijyb
  1850 | D:3      | Reached XP level 6. HP: 41/44 MP: 6/6
  1898 | D:3      | Noticed Robin
  1976 | D:3      | Killed Robin
  1981 | D:3      | Reached skill level 8 in Fighting
  1996 | D:3      | Killed from afar by an orc priest

Vault maps used:
D:1:      scummos_arrival_gate, item_on_display_a
D:2:      grunt_gozag_breadcrumbs, lemuel_crystal_altar, grunt_decor_arrowhead,
          uniq_sigmund
D:3:      cheibrodos_pilgrimage, grunt_qazlal_sundering,
          nicolae_overflow_hidden_temple, first_ration,
          cheibrodos_sewer_entry_drain, uniq_grinder, uniq_ijyb, uniq_robin

Skill      XL: |  1  2  3  4  5  6 |
---------------+-------------------+-----
Fighting       | 4 6 7 8 |  8.0
Long Blades    | |  1.7
Armour         | |  3.2
Shields        | |  3.2

Action                   |  1- 3 |  4- 6 || total
-------------------------+-------+-------++-------
Melee: Long sword        |    25 |       ||    25
       Short sword       |    71 |   113 ||   184
  Use: Scroll            |       |     3 ||     3
  Eat: Chunk             |     1 |     3 ||     4
Armor: Scale mail        |    46 |    71 ||   117
Dodge: Dodged            |    50 |    47 ||    97
       Rpst.: Long sword |     1 |       ||     1

Table legend:
 A = Spawn XP
 B = Non-spawn XP
 C = Spawn XP percentage of total XP
 D = Spawn monster count
 E = Non-spawn monster count
 F = Spawn count percentage of total count
 G = Total turns spent on level
                    A         B        C        D         E        F      G
               +---------+---------+-------+---------+---------+-------+---------
         Total |       0 |     533 |   0.0 |       0 |      60 |   0.0 |  1996
               +---------+---------+-------+---------+---------+-------+---------
           D:1 |       0 |      45 |   0.0 |       0 |      25 |   0.0 |   853
           D:2 |       0 |     252 |   0.0 |       0 |      10 |   0.0 |   889
           D:3 |       0 |     236 |   0.0 |       0 |      25 |   0.0 |   254
               +---------+---------+-------+---------+---------+-------+---------
